 Dungeon Crawl Stone Soup version 0.26-a0-1053-gaff5f71418 (webtiles) character file.

Game seed: 12865489363878987186

122 Ninjinzu the Skirmisher (level 4, 0/37 HPs)
             Began as a Demonspawn Abyssal Knight on Dec 12, 2020.
             Was a Believer of Lugonu.
             Succumbed to an adder's poison
             ... on level 3 of the Dungeon.
             The game lasted 00:05:46 (2453 turns).

Ninjinzu the Skirmisher (Demonspawn Abyssal Knight) Turns: 2453, Time: 00:05:47

Health: 0/37       AC:  3    Str: 19    XL:     4   Next: 78%
Magic:  5/5        EV: 12    Int: 14    God:    Lugonu [**....]
Gold:   78         SH:  4    Dex: 18    Spells: 3/3 levels left

rFire    . . .     SeeInvis .   a - +1 falchion
rCold    . . .     Faith    .   (no shield)
rNeg     . . .     Spirit   .   b - +0 leather armour
rPois    .         Reflect  .   (no helmet)
rElec    .         Harm     .   (no cloak)
rCorr    .         Rampage  .   (no gloves)
Will     .....                  (no boots)
Stlth    +.........             (no amulet)
HPRegen  0.12/turn              q - +6 ring of dexterity
MPRegen  0.09/turn              f - +6 ring of strength

@: lethally poisoned (0 -> -8)
A: hooves 1, large bone plates 1
a: Depart the Abyss, Bend Space, Renounce Religion


You were on level 3 of the Dungeon.
You worshipped Lugonu.
Lugonu was pleased with you.
You visited 1 branch of the dungeon, and saw 3 of its levels.
You visited the Abyss 1 time.

You collected 78 gold pieces.

Inventory:

Hand Weapons
 a - a +1 falchion (weapon)
Armour
 b - a +0 leather armour (worn)
Jewellery
 f - a +6 ring of strength (right hand)
 j - an uncursed ring of flight
 p - a +6 ring of strength
 q - a +6 ring of dexterity (left hand)
Scrolls
 c - 2 scrolls of teleportation {unknown}
 d - 3 scrolls of identify {unknown}
 e - a scroll of enchant armour {unknown}
 m - 2 scrolls of enchant weapon {unknown}
 r - 2 scrolls of remove curse {unknown}
Potions
 i - 2 potions of haste {unknown}
 k - a potion of attraction {unknown}
 l - a potion of curing {unknown}
 n - a potion of lignification {unknown}
 o - a potion of degeneration {unknown}
 s - a potion of cancellation {unknown}
 t - a potion of resistance {unknown}


   Skills:
 + Level 4.2 Fighting
 + Level 3.1 Long Blades
 + Level 2.2 Armour
 + Level 1.1 Dodging
 + Level 0.2 Stealth
 + Level 2.6 Invocations


You had 3 spell levels left.
You didn't know any spells.
Your spell library was empty.

Dungeon Overview and Level Annotations

Branches:
Dungeon (3/15)

Altars:
Elyvilon
Hepliaklqana
Ru
Sif Muna
Trog
The Shining One


Innate Abilities, Weirdness & Mutations

You have large cloven feet.
You are partially covered in large bone plates. (SH +4)


Message History

You miss the adder. Your kick misses the adder.
The adder is moderately wounded.
The adder closely misses you. The adder bites you.
* * * LOW HITPOINT WARNING * * *
You are lethally poisoned!
The adder poisons you!
You hit the adder. Your kick misses the adder.
The adder is heavily wounded.
* * * LOW HITPOINT WARNING * * *
You feel sick. You block the adder's attack.
A rat comes into view.
As you read the scroll labelled KERARO BEAGYPA, it crumbles to dust.
It is a scroll of amnesia.
You feel forgetful for a moment. The adder bites you.
* * * LOW HITPOINT WARNING * * *
You are more poisoned.
The adder poisons you!
As you read the scroll labelled COOVOFFY XAPA, it crumbles to dust.
You feel aware of your surroundings.
It was a scroll of magic mapping.
You die...

*** *,*,,,,,**,,,,,,*,,,,***,*
,,****,*,,,,,***,,,,,**,,,***,*
,,**,,,*,,,,,* *,,,***,,*,,**,**
,,,,,,,,,.,,,* *,*** *,*,*,**,,*
,,,,,,,,,#.,,*##,* *,,*,,***,**
,,,,,,,,,...###.,* **,,,**,,,,,
,,,,,,,,,.......** **,,,**,,,,,
,,,,,,,,,.......#### *,,,*,,,*,,,
,,**,,.*,,,,..#.@SS##*,,*,,,*,*,,
,,,,,.#.,,,*#..###lo#*,*,,,,,*,,,
,,,,,,...*,*##.####o##*,,,**,,,**
*,,,,,,#.#,* *..# #oo###********
,,,..#.#...* *#.# #....#
...........####.###o...#
.#....<...<............#
..........##.o.o.......#
..........##o#####.#..##


You could see an orc wizard, 2 adders, 2 orcs and a frilled lizard.

Vanquished Creatures
  4 gnolls (D:2)
  An ooze (D:2)
  An adder skeleton (D:2)
  4 dart slugs
  An orc (D:3)
  6 bats
  4 giant cockroaches
  11 hobgoblins
  5 kobolds
  A quokka (D:2)
  4 frilled lizards
  9 goblins
  13 rats
64 creatures vanquished.

Vanquished Creatures (others)
  3 plants (D:3)
3 creatures vanquished.

Grand Total: 67 creatures vanquished

Notes
Turn   | Place    | Note
-------+----------+-------------------------------------------
     0 | Abyss:1  | Ninjinzu the Demonspawn Abyssal Knight began the quest for
                  | the Orb.
     0 | Abyss:1  | Reached XP level 1. HP: 18/18 MP: 2/2
    11 | D:1      | Escaped the Abyss
    85 | D:1      | Gained mutation: You have large cloven feet. [demonic
                  | ancestry]
    85 | D:1      | Reached XP level 2. HP: 24/24 MP: 3/3
   638 | D:1      | Reached XP level 3. HP: 29/29 MP: 4/4
   975 | D:2      | Reached ** piety under Lugonu
   986 | D:2      | Reached skill level 4 in Fighting
  1133 | D:2      | Gained mutation: You are partially covered in large bone
                  | plates. (SH +4) [demonic ancestry]
  1133 | D:2      | Reached XP level 4. HP: 14/37 MP: 5/5
  1418 | D:2      | Reached skill level 1 in Dodging
  1752 | D:2      | Found a glowing golden altar of the Shining One.
  1754 | D:2      | Found a hazy altar of Hepliaklqana.
  1759 | D:2      | Found a white marble altar of Elyvilon.
  1759 | D:2      | Found a bloodstained altar of Trog.
  1762 | D:2      | Found a sacrificial altar of Ru.
  1763 | D:2      | Found a shimmering blue altar of Sif Muna.
  2452 | D:3      | HP: 1/37 [adder (3)]
  2453 | D:3      | Succumbed to an adder's poison

Illustrated notes

Levels and vault maps discovered:
D:1:      lightli_arrival_statuegarden, layout_loops_ring
D:2:      minmay_chambers_of_ones, layout_loops_ring, minitemple
D:3:      layout_rooms, hangedman_decor_slide_cut, minmay_misc_feat_alley,
          serial_bayou_pond_b, kennysheep_another_room

Skill      XL: |  1  2  3  4 |
---------------+-------------+-----
Armour         | 2 |  2.2
Long Blades    | 2 3 |  3.1
Fighting       | 4 |  4.2
Dodging        | 1 |  1.1
Stealth        | |  0.2
Invocations    | |  2.6

Action                   |  1- 3 |  4- 6 || total
-------------------------+-------+-------++-------
Melee: Falchion          |    68 |    64 ||   132
       Kick              |    14 |    17 ||    31
  Use: Scroll            |       |     2 ||     2
 Stab: Sleeping          |     1 |       ||     1
Armor: Leather armour    |    12 |    23 ||    35
Dodge: Dodged            |    38 |    49 ||    87
Block: Other             |       |    14 ||    14
       Rpst.: Falchion   |    11 |    12 ||    23

Table legend: (Time is in decaauts)
 A = Elapsed time spent in this place.
 B = Non-inter-level travel time spent in this place.
 C = Inter-level travel time spent in this place.
 D = Time resting spent in this place.
 E = Time spent auto-exploring this place.
 F = Levels seen in this place.
 G = Mean time per level.
                   A        B        C        D        E       F      G
               +--------+--------+--------+--------+--------+-----+--------+
         Total |   2473 |   2473 |      0 |    335 |   1492 |   4 |  618.2 |
       Dungeon |   2462 |   2462 |      0 |    335 |   1489 |   3 |  820.7 |
         Abyss |     11 |     11 |      0 |      0 |      3 |   1 |   11.0 |
               +--------+--------+--------+--------+--------+-----+--------+

Top non-repeatable levels by time:
     D:2: 1465 daAuts
     D:1: 935 daAuts
     D:3: 61 daAuts
 Abyss:1: 11 daAuts
